 Dungeon Crawl Stone Soup version 0.30-a0-726-gd89dcf765f (webtiles) character file.

Game seed: 6142259043318409089

52 Arximoufas the Conjurer (level 3, -7/19 HPs)
             Began as a Deep Elf Conjurer on Jan 29, 2023.
             Engulfed by a cloud of flame (26 damage)
             ... on level 2 of the Dungeon.
             The game lasted 00:04:00 (2020 turns).

Arximoufas the Conjurer (Deep Elf Conjurer)         Turns: 2020, Time: 00:04:00

Health: -7/19      AC:  2    Str:  4    XL:     3   Next: 60%
Magic:  9/9        EV: 12    Int: 24    God:
Gold:   136        SH:  0    Dex: 13    Spells: 7/8 levels left

rFire   . . .      SeeInvis .    (no weapon)
rCold   . . .      Faith    .    (no shield)
rNeg    . . .      Spirit   .    a - +0 robe
rPois   .          Reflect  .    (no helmet)
rElec   .          Harm     .    (no cloak)
rCorr   .          Rampage  .    (no gloves)
Will    .....                    (no boots)
Stlth   +++                      (no amulet)
HPRegen 0.23/turn                (no ring)
MPRegen 0.11/turn                (no ring)

@: no status effects
A: no striking features
a: no special abilities


You were on level 2 of the Dungeon.
You visited 1 branch of the dungeon, and saw 2 of its levels.

You collected 136 gold pieces.

Inventory:

Armour
 a - a +0 robe (worn)
Scrolls
 c - 2 scrolls of teleportation {unknown}
 f - a scroll of enchant armour {unknown}
 g - a scroll of identify {unknown}
Potions
 b - a potion of magic
 d - a potion of might {unknown}
 e - a potion of mutation {unknown}
 h - a potion of lignification {unknown}


   Skills:
 - Level 2.4 Dodging
 + Level 4.1 Stealth
 - Level 3.0 Spellcasting
 + Level 5.1 Conjurations


You had 7 spell levels left.
You knew the following spells:

 Your Spells              Type           Power      Damage    Failure   Level
a - Magic Dart            Conj           100%       1d8       1%          1

Your spell library contained the following spells:

 Spells                   Type           Power      Damage    Failure   Level
 Searing Ray              Conj           56%        2d6       1%          2
 Apportation              Tloc           6%         N/A       11%         1
 Necrotise                Necr           12%        1d4       11%         1
 Summon Small Mammal      Summ           12%        N/A       11%         1
 Dazzling Flash           Conj/Hex       32%        N/A       11%         3
 Fulminant Prism          Conj/Hex       8%         3d7       36%         4
 Iskenderun's Mystic Bla  Conj/Tloc      16%        2d5       36%         4


Dungeon Overview and Level Annotations

Branches:
Dungeon (2/15)

Altars:


Message History

Press: ? - help, Q - select action Shift-Dir - straight line, f - frilled lizard
Aim: a frilled lizard (wandering, hasn't noticed you, 100% to hit)
The magic dart hits the frilled lizard.
You kill the frilled lizard!
A ball python comes into view.
A ball python is nearby!
Aiming: Magic Dart (safe; 1% risk of failure)
Press: ? - help, Q - select action Shift-Dir - straight line, f - ball python
Aim: a ball python (wandering, hasn't noticed you, 100% to hit)
The magic dart hits the ball python.
You kill the ball python!
Found a stone staircase leading down.
Found an escape hatch in the ceiling.
Aiming: Magic Dart (safe; 1% risk of failure)
Press: ? - help, Q - select action Shift-Dir - straight line, f - you
Okay, then.
A quokka comes into view.
Aiming: Magic Dart (safe; 1% risk of failure)
Press: ? - help, Q - select action Shift-Dir - straight line, f - quokka
Aim: a quokka (asleep, 100% to hit)
The magic dart hits the quokka.
The quokka is severely wounded.
Aiming: Magic Dart (safe; 1% risk of failure)
Press: ? - help, Q - select action Shift-Dir - straight line, f/p - quokka
Aim: a quokka (severely wounded, 100% to hit)
The magic dart hits the quokka.
You kill the quokka!
You now have 136 gold pieces (gained 8).
A frilled lizard comes into view.
Aiming: Magic Dart (safe; 1% risk of failure)
Press: ? - help, Q - select action Shift-Dir - straight line, f - frilled lizard
Aim: a frilled lizard (asleep, 100% to hit)
The magic dart hits the frilled lizard!
You kill the frilled lizard!
Partly explored, can't reach some items and places.
Really walk into a travel-excluded area?
Really walk into that cloud of flame?
You are engulfed in blazing flames.
Ouch! That really hurt!
You die...

##...#....#
#.......
#.#####...#
###.#### #.#
#§§○# #.# #.#
#☼☼☼# #.# #.#
#§○☼# #.#
#.#####...#####.#
#..§§§..$$.☼☼○..#
#..☼○☼.$$$.§.§..#
##.@○○..$$..§§..#
######...#####.#
#.§○# #.# #§○○#
#.# #☼§°# #.#
#...#####.#
#........#
##########


There were no monsters in sight!

Vanquished Creatures
  2 adders (D:2)
  A dart slug (D:1)
  2 endoplasms (D:2)
  2 giant cockroaches (D:1)
  3 kobolds
  3 quokkas
  4 ball pythons
  3 bats
  5 frilled lizards
  3 goblins
  7 rats
35 creatures vanquished.

Notes
Turn   | Place    | Note
-------+----------+-------------------------------------------
     0 | D:1      | Arximoufas the Deep Elf Conjurer began the quest for the
                  | Orb.
     0 | D:1      | Reached XP level 1. HP: 10/10 MP: 6/6
   345 | D:1      | Reached XP level 2. HP: 15/15 MP: 6/8
  1331 | D:2      | Reached skill level 5 in Conjurations
  1331 | D:2      | Reached XP level 3. HP: 19/19 MP: 6/9
  1461 | D:2      | Found a faded altar of an unknown god.
  2020 | D:2      | Engulfed by a cloud of flame

Illustrated notes

Levels and vault maps discovered:
D:1:      psy_arrival_conway, layout_basic, minmay_misc_feat_pillars,
          minmay_misc_feat_square
D:2:      layout_loops_cross, hellmonk_ecumenical_altar_inner_sanctum,
          chequers_garden, lemuel_flame_loot_1

Skill      XL: |  1  2  3 |
---------------+----------+-----
Stealth        | 3 4 |  4.1
Conjurations   | 5 |  5.1
Dodging        | |  2.4
Spellcasting   | |  3.0

Action                     || total
---------------------------++-------
   Cast: Magic Dart        ||    62

Table legend: (Time is in decaauts)
 A = Elapsed time spent in this place.
 B = Non-inter-level travel time spent in this place.
 C = Inter-level travel time spent in this place.
 D = Time resting spent in this place.
 E = Time spent auto-exploring this place.
 F = Levels seen in this place.
 G = Mean time per level.
                   A        B        C        D        E       F      G
               +--------+--------+--------+--------+--------+-----+--------+
         Total |   2024 |   1955 |     69 |      0 |   1737 |   2 | 1012.0 |
       Dungeon |   2024 |   1955 |     69 |      0 |   1737 |   2 | 1012.0 |
               +--------+--------+--------+--------+--------+-----+--------+

Top non-repeatable levels by time:
     D:1: 1056 daAuts
     D:2: 967 daAuts
